 Dungeon Crawl Stone Soup version 0.20.1-1-g8b1a95d (webtiles) character file.

182 Jerry the Slasher (level 5, -6/42 HPs)
             Began as a Demonspawn Chaos Knight on Oct 23, 2017.
             Mangled by Grinder (7 damage)
             ... on level 3 of the Dungeon.
             The game lasted 00:04:32 (2312 turns).

Jerry the Slasher (Demonspawn Chaos Knight)         Turns: 2312, Time: 00:04:33

Health: -6/42      AC:  5    Str: 14    XL:     5   Next: 34%
Magic:  14/14      EV: 11    Int: 18    God:    Xom [*.....]
Gold:   111        SH:  0    Dex: 12    Spells: 4/4 levels left

rFire    . . .     SeeInvis .   a - +0 falchion (chaos)
rCold    . . .     Gourm    .   (no shield)
rNeg     . . .     Faith    .   b - +2 leather armour
rPois    .         Spirit   .   (no helmet)
rElec    .         Reflect  .   (no cloak)
rCorr    .         Harm     .   (no gloves)
MR       .....                  (no boots)
Stlth    +.........             (no amulet)
Regen    0.2/turn               g - ring of magical power
MPRegen  0.2/turn               (no ring)

@: brilliant
A: powered by death 1
a: Renounce Religion


You were on level 3 of the Dungeon.
You worshipped Xom.
You were a special plaything of Xom.
You were not hungry.

You visited 1 branch of the dungeon, and saw 3 of its levels.

You collected 111 gold pieces.

Inventory:

Hand Weapons
 a - a +0 falchion of chaos (weapon)
Armour
 b - a +2 leather armour (worn)
Jewellery
 g - a ring of magical power (left hand)
Scrolls
 d - a scroll of enchant armour {unknown}
 e - a scroll of recharging {unknown}
 f - 2 scrolls of teleportation {unknown}
 i - a scroll of fog {unknown}
 j - a scroll of identify {unknown}
Comestibles
 c - 3 bread rations
 k - 2 chunks of flesh
 l - a meat ration


   Skills:
 + Level 3.9 Fighting
 * Level 4.1 Long Blades
 + Level 2.9 Armour
 + Level 1.6 Dodging


You had 4 spell levels left.
You didn't know any spells.

Dungeon Overview and Level Annotations

Branches:
Dungeon (3/15)

Altars:
Cheibriados
Ru

Annotations:
D:3 Grinder


Innate Abilities, Weirdness & Mutations

You regenerate a little health from kills.


Message History

Grinder is lightly wounded.
Grinder hits you.
You writhe in agony.
You closely miss Grinder.
Grinder is lightly wounded.
Grinder blinks!
Grinder gestures at you.
You barely resist. Grinder hits you but does no damage.
You closely miss Grinder.
Grinder is lightly wounded.
Grinder hits you!
* * * LOW HITPOINT WARNING * * *
You writhe in agony.
* * * LOW HITPOINT WARNING * * *
It was a potion of brilliance.
You feel clever all of a sudden.
Xom is highly amused!
Grinder hits you!
You die...
Xom titters!

## ># .######
######'#......
#............#
#............#
#............#
#............#
#...@........#
#...5........#
#............#
#............#
#............#
#............####
######...........
###.#########
#..........


You could see Grinder.

Vanquished Creatures
  Terence (D:1)
  6 adders
  An adder (shapeshifter) (D:2)
  An ooze (D:2)
  4 dart slugs
  2 worms (D:2)
  2 leopard geckos (D:2)
  A ball python (D:1)
  7 bats
  15 giant cockroaches
  6 goblins
  5 hobgoblins (D:2)
  3 jackals (D:2)
  A quokka (D:2)
  7 frilled lizards
  4 kobolds
  2 rats (D:1)
68 creatures vanquished.

Vanquished Creatures (others)
  A worm (D:2)
1 creature vanquished.

Grand Total: 69 creatures vanquished

Notes
Turn   | Place    | Note
-------+----------+-------------------------------------------
     0 | D:1      | Jerry the Demonspawn Chaos Knight began the quest for the Orb.
     0 | D:1      | Reached XP level 1. HP: 18/18 MP: 1/1
    63 | D:1      | Reached skill level 1 in Dodging
    84 | D:1      | Reached skill level 3 in Long Blades
   223 | D:1      | Gained mutation: You regenerate a little health from kills. [demonic ancestry]
   223 | D:1      | Reached XP level 2. HP: 24/24 MP: 2/2
   360 | D:1      | Found a snail-covered altar of Cheibriados.
   610 | D:2      | Reached XP level 3. HP: 29/29 MP: 3/3
   805 | D:2      | XOM: mild Fire miscast
   871 | D:2      | XOM: mild Hex miscast
   902 | D:2      | Reached XP level 4. HP: 25/35 MP: 4/4
   968 | D:2      | XOM: silly message
  1212 | D:2      | XOM: mild Tmut miscast
  1306 | D:2      | Noticed Terence
  1524 | D:1      | XOM: mild Conj miscast
  1690 | D:1      | Killed Terence
  1709 | D:1      | XOM: mild Hex miscast
  1828 | D:2      | XOM: divination: detect creatures
  1861 | D:2      | Reached XP level 5. HP: 41/42 MP: 5/5
  1960 | D:2      | Reached skill level 4 in Long Blades
  2213 | D:3      | Found a sacrificial altar of Ru.
  2226 | D:3      | XOM: 1-stop teleportation journey
  2293 | D:3      | Noticed Grinder
  2299 | D:3      | XOM: scenery: 1 doors open
  2311 | D:3      | HP: 1/42 [Grinder (6)]
  2312 | D:3      | Mangled by Grinder

Skill      XL: |  1  2  3  4  5 |
---------------+----------------+-----
Dodging        | 1 |  1.6
Long Blades    | 3 4 |  4.1
Armour         | 2 |  2.9
Fighting       | |  3.9

Action                   |  1- 3 |  4- 6 || total
-------------------------+-------+-------++-------
Melee: Falchion          |    85 |   133 ||   218
  Use: Potion            |       |     1 ||     1
 Stab: Paralysed         |       |     5 ||     5
       Sleeping          |       |     1 ||     1
  Eat: Chunk             |       |     5 ||     5
Armor: Leather armour    |    50 |    47 ||    97
Dodge: Dodged            |    65 |    83 ||   148
       Rpst.: Falchion   |    13 |    27 ||    40
